 Dungeon Crawl Stone Soup version 0.28-a0-556-gab23d0e057 (webtiles) character file.

Game seed: 14787055948878250719

114 miscthings the Cudgeller (level 4, -2/42 HPs)
             Began as a Naga Fighter on Sept 29, 2021.
             Slain by an orc warrior (14 damage)
             ... on level 3 of the Dungeon.
             The game lasted 00:03:23 (2046 turns).

miscthings the Cudgeller (Naga Fighter)             Turns: 2046, Time: 00:03:23

Health: -2/42      AC:  7    Str: 22 (25) XL:     4   Next: 97%
Magic:  4/4        EV:  8    Int:  6 (8)  God:
Gold:   189        SH:  4    Dex: 10 (11) Spells: 3/3 levels left

rFire   + . .      SeeInvis +   a - +0 flail
rCold   . . .      Faith    .   c - +0 buckler
rNeg    . . .      Spirit   .   m - +2 ring mail {rF+}
rPois   +          Reflect  .   (no helmet)
rElec   .          Harm     .   l - +0 cloak
rCorr   .          Rampage  .   (no gloves)
Will    .....                   (no barding)
Stlth   ..........              (no amulet)
HPRegen 0.14/turn               k - +6 ring of strength
MPRegen 0.09/turn               (no ring)

@: short of breath, very slow
A: AC +1, large, see invisible, deformed body, poison resistance, slowness 2,
spit poison 1, naga tail 1
a: Spit Poison


You were on level 3 of the Dungeon.
You visited 1 branch of the dungeon, and saw 3 of its levels.

You collected 189 gold pieces.

Inventory:

Hand Weapons
 a - a +0 flail (weapon)
Armour
 c - a +0 buckler (worn)
 j - a +1 chain mail of positive energy
 l - a +0 cloak (worn)
 m - a +2 ring mail of fire resistance (worn)
Jewellery
 k - a +6 ring of strength (left hand)
Scrolls
 b - a scroll of fog {unknown}
 e - 5 scrolls of identify {unknown}
 f - a scroll of brand weapon {unknown}
 g - 2 scrolls of teleportation {unknown}
 i - a scroll of summoning {unknown}
Potions
 d - a potion of might
 h - a potion of degeneration
 n - a potion of invisibility {unknown}


   Skills:
 - Level 3.0 Fighting
 + Level 5.0 Maces & Flails
 - Level 2.4 Armour
 - Level 2.4 Shields


You had 3 spell levels left.
You didn't know any spells.
Your spell library contained the following spells:

 Spells                   Type           Power      Damage    Failure   Level
 Foxfire                  Conj/Fire      0%         2x1d4     63%         1
 Conjure Flame            Conj/Fire      0%         6-21      94%         3
 Inner Flame              Hex/Fire       0%         N/A       94%         3
 Flame Wave               Conj/Fire      0%         3d3       100%        4


Dungeon Overview and Level Annotations

Branches:
Dungeon (3/15)

Altars:


Innate Abilities, Weirdness & Mutations

Your serpentine skin is tough. (AC +1)
You have supernaturally acute eyesight. (SInv)
Armour fits poorly on your strangely shaped body.
Your system is resistant to poisons. (rPois)
You cover ground very slowly.
You can spit poison.
You have a snake-like lower body.


Message History

You kill the kobold!
You barely miss the goblin. The goblin barely misses you.
Abil: Spit Poison
Press: ? - help, Q - select action Shift-Dir - straight line, f - goblin
Aim: a goblin, wielding a +0 club The splash of poison hits the goblin!
You kill the goblin!
Your Maces & Flails skill increases to level 5!
There is a stone staircase leading down here.
Things that are here:
a +0 club; a goblin corpse No target in view!
You have got your breath back.
n - a glowing golden potion An orc, an orc warrior and an orc priest come into view.
The orc warrior shouts!
The orc shouts!
The orc priest shouts!
You hear a shout!
An orc comes into view. It is wielding a +0 club.
The orc priest begins to cast a cantrip, but forgets the words!
The orc hits you with a +0 hand axe.
The orc warrior hits you but does no damage.
There are monsters nearby!
Drop what? 14/52 slots (_ for help) (? for menu, Esc to quit)
Okay, then.
You feel stronger.
k - a +6 ring of strength (left hand)
The orc hits you with a +0 hand axe. The orc warrior closely misses you.
Abil: Spit Poison
Press: ? - help, Q - select action Shift-Dir - straight line, f - orc warrior
Aim: an orc warrior, wielding a +0 trident and wearing a +0 chain mail The splash of poison misses the orc warrior.
The orc warrior hits you from afar with a +0 trident!
The orc warrior hits you from afar with a +0 trident!
* * * LOW HITPOINT WARNING * * *
It was a potion of degeneration.
There was something very wrong with that liquid.
You feel weakened.
You feel dopey.
You feel clumsy.
The orc warrior hits you from afar with a +0 trident!
You die...

#...<†..# ### #.#####.#
#.. #.# #.# #.# #.# #†#
#.#####.. #.# #.o..oo..
#†# #.# #.#####.##
##########.# #........#
#<...@.oooo#
#######.)###.#...####.##
#......#..........
#.###..#...####.###
#..........# #.#
#####..##..# #.#
####..##..####.#
........>.)....#
..##..##..###..#


You could see an orc warrior, an orc priest and 2 orcs.

Vanquished Creatures
  An iguana (D:2)
  An adder (D:2)
  A worm (D:2)
  A dart slug (D:2)
  6 endoplasms
  4 giant cockroaches
  5 goblins
  4 hobgoblins
  7 jackals
  4 kobolds
  4 quokkas
  7 ball pythons
  4 bats
  5 frilled lizards
  17 rats
71 creatures vanquished.

Notes
Turn   | Place    | Note
-------+----------+-------------------------------------------
     0 | D:1      | miscthings the Naga Fighter began the quest for the Orb.
     0 | D:1      | Reached XP level 1. HP: 21/21 MP: 1/1
    58 | D:1      | Reached XP level 2. HP: 15/28 MP: 2/2
   295 | D:1      | Reached skill level 3 in Maces & Flails
   581 | D:1      | Reached XP level 3. HP: 31/34 MP: 3/3
   840 | D:1      | Found a faded altar of an unknown god.
  1248 | D:2      | Reached skill level 4 in Maces & Flails
  1421 | D:2      | Reached XP level 4. HP: 35/42 MP: 4/4
  2022 | D:3      | Reached skill level 5 in Maces & Flails
  2037 | D:3      | Noticed an orc warrior
  2046 | D:3      | Slain by an orc warrior

Illustrated notes

Levels and vault maps discovered:
D:1:      erik_arrival_cave_to_civilisation [erik_arrival_cave_to_hall],
          layout_basic, chequers_ecumenical_altar_simple_redux,
          roderic_serpentine_path, minmay_tetromino_o4
D:2:      layout_basic, minmay_rat_gold_closets
D:3:      layout_loops_ring

Skill      XL: |  1  2  3  4 |
---------------+-------------+-----
Maces & Flails | 3 4 5 |  5.0
Fighting       | |  3.0
Armour         | |  2.4
Shields        | |  2.4

Action                   |  1- 3 |  4- 6 || total
-------------------------+-------+-------++-------
Melee: Flail             |   116 |    63 ||   179
 Abil: Spit Poison       |     8 |     5 ||    13
  Use: Potion            |       |     1 ||     1
Armor: Scale mail        |    36 |       ||    36
       Chain mail        |    11 |    39 ||    50
       Ring mail         |       |     3 ||     3
Dodge: Dodged            |    44 |    28 ||    72
Block: Buckler           |    21 |    15 ||    36

Table legend: (Time is in decaauts)
 A = Elapsed time spent in this place.
 B = Non-inter-level travel time spent in this place.
 C = Inter-level travel time spent in this place.
 D = Time resting spent in this place.
 E = Time spent auto-exploring this place.
 F = Levels seen in this place.
 G = Mean time per level.
                   A        B        C        D        E       F      G
               +--------+--------+--------+--------+--------+-----+--------+
         Total |   2597 |   2493 |    104 |    485 |   1394 |   3 |  865.7 |
       Dungeon |   2597 |   2493 |    104 |    485 |   1394 |   3 |  865.7 |
               +--------+--------+--------+--------+--------+-----+--------+

Top non-repeatable levels by time:
     D:1: 1329 daAuts
     D:2: 1184 daAuts
     D:3: 83 daAuts
